 Dungeon Crawl Stone Soup version 0.28.0-47-ge53b351184 (webtiles) character file.

Game seed: 8561534243909944015

18 Woods the Insei (level 2, -2/23 HPs)
             Began as a Gnoll Transmuter on May 9, 2022.
             Slain by a goblin
             ... wielding a +1 dagger of freezing
              (3 damage)
             ... on level 2 of the Dungeon.
             The game lasted 00:00:43 (1031 turns).

Woods the Insei (Gnoll Transmuter)                  Turns: 1031, Time: 00:00:44

Health: -2/23      AC:  2    Str:  9    XL:     2   Next: 66%
Magic:  7/7        EV: 13    Int: 12    God:
Gold:   22         SH:  0    Dex: 12    Spells: 7/10 levels left

rFire   . . .      SeeInvis .     - Unarmed
rCold   . . .      Faith    .   (no shield)
rNeg    . . .      Spirit   .   a - +0 robe
rPois   .          Reflect  .   (helmet currently unavailable)
rElec   .          Harm     .   (no cloak)
rCorr   .          Rampage  .   (no gloves)
Will    .....                   (boots currently unavailable)
Stlth   +.........              (no amulet)
HPRegen 0.07/turn               (no ring)
MPRegen 0.10/turn               (no ring)

@: appendages
A: horns 2, talons 2, fangs 1, strong nose, distributed training
a: End Transformation


You were on level 2 of the Dungeon.
You had temporarily grown beastly horns and talons.
You visited 1 branch of the dungeon, and saw 2 of its levels.

You collected 22 gold pieces.

Inventory:

Armour
 a - a +0 robe (worn)
Scrolls
 b - a scroll of identify {unknown}
 c - 2 scrolls of torment {unknown}


   Skills:
 + Level 2.5 Fighting
 + Level 0.5 Short Blades
 + Level 0.5 Long Blades
 + Level 0.5 Axes
 + Level 0.5 Maces & Flails
 + Level 0.5 Polearms
 + Level 0.5 Staves
 + Level 0.5 Slings
 + Level 0.5 Bows
 + Level 0.5 Crossbows
 + Level 0.5 Throwing
 + Level 0.5 Armour
 + Level 4.5 Dodging
 + Level 0.5 Stealth
 + Level 0.5 Shields
 + Level 6.5 Unarmed Combat
 + Level 4.9 Spellcasting
 + Level 0.3 Conjurations
 + Level 0.3 Hexes
 + Level 0.3 Summonings
 + Level 0.3 Necromancy
 + Level 0.3 Translocations
 + Level 3.7 Transmutations
 + Level 0.3 Fire Magic
 + Level 0.3 Ice Magic
 + Level 0.3 Air Magic
 + Level 0.3 Earth Magic
 + Level 0.3 Poison Magic
 + Level 0.6 Invocations
 + Level 0.5 Evocations


You had 7 spell levels left.
You knew the following spells:

 Your Spells              Type           Power      Damage    Failure   Level
a - Beastly Appendage     Tmut           22%        N/A       4%          1
b - Wereblood             Tmut           11%        N/A       7%          2

Your spell library contained the following spells:

 Spells                   Type           Power      Damage    Failure   Level
 Spider Form              Tmut/Pois      7%         N/A       26%         3
 Ice Form                 Ice/Tmut       7%         N/A       65%         4


Dungeon Overview and Level Annotations

Branches:
Dungeon (2/15)

Altars:


Innate Abilities, Weirdness & Mutations

You have temporarily grown beastly horns and talons.
You have very sharp teeth.
Your uncanny sense of smell can sniff out nearby items.
Your experience applies equally to all skills.


Message History

A rat comes into view.
A rat is nearby!
A rat is nearby!
A rat is nearby!
A rat is nearby!
A rat is nearby!
Casting: Beastly Appendage (safe; 4% risk of failure)
Confirm with . or Enter, or press ? or * to list all spells.
You grow a pair of large bovine horns.
Your feet morph into talons.
A goblin comes into view. It is wielding a +1 dagger of freezing.
The goblin shouts!
The goblin unwields a +1 dagger of freezing.
The goblin wields a +0 hunting sling.
The goblin shoots a stone.
The stone hits you but does no damage. The rat closely misses you.
You punch the rat!
You kill the rat!
The goblin shoots a stone.
The stone barely misses you.
The goblin shoots a stone.
The stone closely misses you.
The goblin shoots a stone.
The stone hits you.
The goblin unwields a +0 hunting sling.
The goblin wields a +1 dagger of freezing.
It glows with a cold blue light!
The goblin hits you with a +1 dagger of freezing.
The goblin freezes you.
The goblin hits you with a +1 dagger of freezing.
The goblin freezes you.
* * * LOW HITPOINT WARNING * * *
You are too injured to fight recklessly!
You hit the goblin but do no damage. Your kick misses the goblin.
The goblin barely misses you.
You hit the goblin. Your headbutt misses the goblin. You punch the goblin.
The goblin is severely wounded.
The goblin hits you with a +1 dagger of freezing.
* * * LOW HITPOINT WARNING * * *
The goblin freezes you.
* * * LOW HITPOINT WARNING * * *
You closely miss the goblin. Your kick misses the goblin.
The goblin is severely wounded.
The goblin hits you with a +1 dagger of freezing.
You die...

### #.# #.##
##+##.# ... ......#
###.. .....#.. ...#
.....#.#.#
#g#+####..#.#.#.#
#@...............
#.........#......
#.........#.#.#.#.
#.........#.#.#.#.
+..................
#######.##.#.#.#†##
...####.#.....
..............##
................


You could see a goblin.

Vanquished Creatures
  A dart slug (D:2)
  An endoplasm (D:1)
  A giant cockroach (D:1)
  A goblin (D:1)
  3 hobgoblins
  4 bats (D:1)
  2 frilled lizards (D:1)
  3 rats
16 creatures vanquished.

Notes
Turn   | Place    | Note
-------+----------+-------------------------------------------
     0 | D:1      | Woods the Gnoll Transmuter began the quest for the Orb.
     0 | D:1      | Reached XP level 1. HP: 17/17 MP: 6/6
   171 | D:1      | Reached XP level 2. HP: 14/23 MP: 7/7
   863 | D:2      | Learned a level 2 spell: Wereblood
  1030 | D:2      | HP: 1/23 [goblin/+1 dagger of freezing (2)]
  1031 | D:2      | Slain by a goblin

Illustrated notes

Levels and vault maps discovered:
D:1:      psy_arrival_fountain, layout_basic, minmay_misc_feat_nine_boxes
D:2:      layout_basic, uniq_crazy_yiuf_cottage

Action                   || total
-------------------------++-------
Melee: Unarmed           ||    49
       Kick              ||     5
       Headbutt          ||     2
       Punch             ||     2
       Bite              ||     1
 Cast: Beastly Appendage ||     8
Armor: Robe              ||    10
Dodge: Dodged            ||    37
